[Event "*** MasterClass Titled Tuesday Blitz"]
[Site "Chess.com"]
[Date "2017.12.05"]
[Round "5"]
[White "isaacAbdulsalam"]
[Black "fardinkhan46"]
[Result "1-0"]
[WhiteElo "1961"]
[BlackElo "1436"]
[TimeControl "180+2"]
[EndTime "15:12:41 PST"]
[Termination "isaacAbdulsalam won by checkmate"]

1. d4 d5 2. c4 dxc4 3. Nc3 Nf6 4.
e4 Nc6 5. Nf3 e6 6. Bxc4 Bb4 7.
O-O Bxc3 8. bxc3 Bd7 9. Bg5 a6 10.
d5 exd5 11. exd5 Na5 12. Re1+ Kf8 13. Bf1 h6 14. Bh4 g5 15. Bg3 g4 16. Ne5 h5 17.
Qc1 b5 18. Qa3+ Qe7 19. Qxa5 Re8 20. Ng6+ Kg7 21. Rxe7 Kxg6 22. Rxe8 Rxe8 23. Qxc7 Rc8 24. Qd6 Rxc3 25. Be5 Rc8 26. Qxf6+ Kh7 27. Qg7# 1-0

[Event "*** MasterClass Titled Tuesday Blitz"]
[Site "Chess.com"]
[Date "2017.12.05"]
[Round "5"]
[White "tigra"]
[Black "Apocalyps999"]
[Result "1-0"]
[WhiteElo "2662"]
[BlackElo "2395"]
[TimeControl "180+2"]
[EndTime "15:12:43 PST"]
[Termination "tigra won by checkmate"]

1. e4 c5 2. Nf3 d6 3. d4 cxd4 4.
Nxd4 Nf6 5. Nc3 a6 6. Bg5 Nbd7 7.
Qe2 g6 8. f4 Bg7 9. e5 dxe5 10.
fxe5 Nh5 11. O-O-O Bxe5 12. Nd5 Qa5 13. Nb3 Qxa2 14.
Qxe5 Nxe5 15. Nc7+ Kf8 16. Bh6+ Kg8 17. Rd8# 1-0

[Event "*** MasterClass Titled Tuesday Blitz"]
[Site "Chess.com"]
[Date "2017.12.05"]
[Round "5"]
[White "roncataroja"]
[Black "raphaelfioretti"]
[Result "1-0"]
[WhiteElo "1432"]
[BlackElo "1298"]
[TimeControl "180+2"]
[EndTime "15:12:45 PST"]
[Termination "roncataroja won by checkmate"]

1. e4 c5 2. f4 d6 3. Nf3 g6 4. e5 dxe5 5. fxe5 Bg7 6. c3 Nc6 7. d4 cxd4 8. cxd4 Bg4 9. Bb5 Qa5+ 10. Nc3 Bxf3 11. Qxf3 O-O-O 12. Bxc6 bxc6 13. Qxc6+ Qc7 14. Qa8+ Qb8 15. Qc6+ Qc7 16. Qa8+ Qb8 17. Qe4 Qb6 18.
Ne2 e6 19. O-O Ne7 20. Rxf7 Nc6 21. Rxg7 Nxd4 22. Nxd4 Rxd4 23. Qa8+ Qb8 24. Qc6+ Kd8 25. Bg5# 1-0

[Event "*** MasterClass Titled Tuesday Blitz"]
[Site "Chess.com"]
[Date "2017.12.05"]
[Round "5"]
[White "Colombiano07"]
[Black "Swarnapuri"]
[Result "0-1"]
[WhiteElo "2194"]
[BlackElo "2405"]
[TimeControl "180+2"]
[EndTime "15:12:53 PST"]
[Termination "Swarnapuri won by checkmate"]

1. e4 Nc6 2. Nf3 d6 3. d4 Nf6 4.
Nc3 Bg4 5. d5 Nb8 6. Be2 g6 7.
Bf4 Bg7 8. Qd2 c6 9. O-O-O Nbd7 10. h3 Bxf3 11. Bxf3 O-O 12. g4 cxd5 13. exd5 Nb6 14.
h4 Rc8 15. Bh6 Nc4 16. Qf4 Qb6 17. b3 Qb4 18. Nb1 Nxd5 19. Bxd5 Bb2# 0-1

[Event "*** MasterClass Titled Tuesday Blitz"]
[Site "Chess.com"]
[Date "2017.12.05"]
[Round "5"]
[White "Rikikits"]
[Black "jjosu"]
[Result "1-0"]
[WhiteElo "2534"]
[BlackElo "2514"]
[TimeControl "180+2"]
[EndTime "15:12:57 PST"]
[Termination "Rikikits won by resignation"]

1. e4 c5 2. Nf3 Nc6 3. Bb5 d6 4. O-O Bd7 5. Re1 a6 6. Bf1 Bg4 7. d3 Nf6 8. Nbd2 g6 9. h3 Bxf3 10. Nxf3 Bg7 11. c3 O-O 12. g3 d5 13. e5 Nd7 14. d4 cxd4 15. cxd4 f6 16. e6 Nb6 17. h4 Nc8 18. Bg2 b5 19. Qc2 N8a7 20. h5 g5 21.
Bxg5 Nxd4 22. Nxd4 fxg5 23. Rad1 Rc8 24. Qb1 Bf6 25. Nf5 d4 26. Nh6+ Kg7 27. Nf7 Qb6 28.
h6+ Kg8 29. Be4 Rxf7 30. exf7+ Kxf7 31. Bxh7 Rh8 32. Bg6+ Kf8 33. h7 Kg7 34. Bh5 1-0

[Event "*** MasterClass Titled Tuesday Blitz"]
[Site "Chess.com"]
[Date "2017.12.05"]
[Round "5"]
[White "EndgameGrinder"]
[Black "jcgs1030"]
[Result "1-0"]
[WhiteElo "2432"]
[BlackElo "2302"]
[TimeControl "180+2"]
[EndTime "15:13:22 PST"]
[Termination "EndgameGrinder won by resignation"]

1. e4 c5 2. Nf3 d6 3. d4 cxd4 4. Nxd4 Nf6 5. Nc3 g6 6. Be3 Bg7 7. f3 O-O 8. Qd2 Nc6 9. O-O-O d5 10. exd5 Nxd5 11. Nxc6 bxc6 12. Bd4 Bxd4 13. Qxd4 Qc7 14. Qc5 Qf4+ 15. Kb1 Nxc3+ 16. Qxc3 Bf5 17. g3 Rfd8 18.
Bc4 Qh6 19. h4 Qg7 20. Qxg7+ Kxg7 21. Kc1 h5 22. Rxd8 Rxd8 23. Rd1 Rd6 24. c3 Kf6 25. b4 Bh3 26. Re1 e5 27. a4 Be6 28. Bxe6 Kxe6 29. Kc2 f5 30. a5 a6 31. Re3 Rd5 32. Rd3 Kd6 33. c4 Rd4 34. Rxd4+ exd4 35. Kd3 c5 36. bxc5+ Kxc5 37. f4 Kb4 38. Kxd4 Kxa5 39. c5 Kb4 40. c6 a5 41. c7 1-0

[Event "*** MasterClass Titled Tuesday Blitz"]
[Site "Chess.com"]
[Date "2017.12.05"]
[Round "5"]
[White "Frolik67"]
[Black "maciek_92"]
[Result "1-0"]
[WhiteElo "2426"]
[BlackElo "2568"]
[TimeControl "180+2"]
[EndTime "15:13:28 PST"]
[Termination "Frolik67 won by resignation"]

1. e4 e5 2. Nf3 Nc6 3. Bc4 Bc5 4. c3 Nf6 5. d4 exd4 6. cxd4 Bb4+ 7. Bd2 Bxd2+ 8.
Nbxd2 d5 9. exd5 Nxd5 10. O-O O-O 11. Rc1 Bg4 12. h3 Bh5 13. Bxd5 Qxd5 14. Rc5 Bxf3 15. Nxf3 Qd6 16. Qc2 Rad8 17. Qc3 Rd7 18. Rc1 Re8 19.
d5 Ne7 20. Rxc7 Nxd5 21. Rxd7 Qxd7 22. Qd4 Qe6 23. Re1 Qxe1+ 24. Nxe1 Rxe1+ 25. Kh2 Nf6 26. Qxa7 Re7 27. a4 h5 28. b4 h4 29. a5 g5 30.
a6 g4 31. Qb8+ Kg7 32. a7 Re2 33. a8=Q Rxf2 34. Qh8+ Kg6 35. Qxh4 1-0

[Event "*** MasterClass Titled Tuesday Blitz"]
[Site "Chess.com"]
[Date "2017.12.05"]
[Round "5"]
[White "JSPrepz"]
[Black "josiwales"]
[Result "1-0"]
[WhiteElo "2559"]
[BlackElo "2359"]
[TimeControl "180+2"]
[EndTime "15:13:49 PST"]
[Termination "JSPrepz won by resignation"]

1. e4 c5 2. Nf3 Nc6 3. Bb5 g6 4. Nc3 Bg7 5. O-O Nh6 6. Bxc6 bxc6 7. Re1 O-O 8. a3 d5 9. exd5 cxd5 10. d4 cxd4 11.
Nxd4 Bb7 12. Bg5 Re8 13. h3 Rc8 14. Qd2 Rc4 15. Bxh6 Bxd4 16. Rad1 Qb6 17. Nxd5 Bxd5 18. c3 Qb3 19. cxd4 Rc2 20. Qa5 e6 21. Re3 Qxb2 22.
Qxd5 Rxf2 23. Qe5 Rxg2+ 24. Kh1 f6 25. Qc7 1-0

[Event "*** MasterClass Titled Tuesday Blitz"]
[Site "Chess.com"]
[Date "2017.12.05"]
[Round "5"]
[White "VampirePrincessMiu"]
[Black "beza2009"]
[Result "1-0"]
[WhiteElo "995"]
[BlackElo "621"]
[TimeControl "180+2"]
[EndTime "15:13:58 PST"]
[Termination "VampirePrincessMiu won by checkmate"]

1. d3 Nc6 2. c3 Nf6 3. Nd2 e6 4.
Qc2 Be7 5. e4 O-O 6. f4 Ng4 7. h3 Nf2 8. Kxf2 Bh4+ 9. g3 Bxg3+ 10. Kxg3 e5 11. Ndf3 exf4+ 12. Bxf4 d6 13. d4 Ne7 14. e5 dxe5 15. Nxe5 Bf5 16. Bd3 Nd5 17. Bxf5 Nxf4 18. Kxf4 Qh4+ 19. Ng4 g6 20. Be4 Rae8 21. Nf3 h5 22. Nxh4 hxg4 23. hxg4 Kg7 24. Rae1 g5+ 25. Kxg5 f6+ 26. Kh5 Rh8+ 27. Bh7 Rxh7+ 28. Qxh7+ Kxh7 29. Rxe8 a5 30. Re7+ Kg8 31. Rf1 Kf8 32. Rxc7 b6 33.
Rxf6+ Ke8 34. Nf5 Kd8 35. Rh7 Ke8 36. Nd6+ Kd8 37. Rf8# 1-0

[Event "*** MasterClass Titled Tuesday Blitz"]
[Site "Chess.com"]
[Date "2017.12.05"]
[Round "5"]
[White "NF31415926"]
[Black "Angry_Serb"]
[Result "0-1"]
[WhiteElo "2000"]
[BlackElo "2348"]
[TimeControl "180+2"]
[EndTime "15:14:12 PST"]
[Termination "Angry_Serb won by resignation"]

1. e4 c5 2. Nf3 a6 3. d4 cxd4 4.
Nxd4 e5 5. Nb3 Nc6 6. Be2 Nf6 7.
Nc3 Bb4 8. Bg5 h6 9. Bxf6 Qxf6 10. O-O Bxc3 11. bxc3 Qg6 12. Bf3 O-O 13. Qd5 d6 14.
Rfd1 Rd8 15. Qd2 Be6 16. Rab1 b6 17. Rb2 Rab8 18. Rdb1 b5 19. Nc1 Na5 20. Qe2 Nc4 21. Rb4 Na3 22. R1b2 Rdc8 23. Qe1 a5 24. R4b3 Bxb3 25.
cxb3 b4 26. c4 a4 27. Rd2 axb3 28. axb3 Rb6 29. Ne2 Qg5 30. Ng3 g6 31. Nf1 Rc5 32. Ne3 h5 33. Nd5 Rxd5 34. exd5 Rb8 35. Be4 f5 36. Bd3 e4 37. Bf1 Re8 38. Re2 h4 39.
Re3 Kh7 40. f3 Nc2 41. f4 Qxf4 42. Rf3 Qxf3 43. Qxh4+ Qh5 44. Qxh5+ 0-1

[Event "*** MasterClass Titled Tuesday Blitz"]
[Site "Chess.com"]
[Date "2017.12.05"]
[Round "5"]
[White "TenisMaster"]
[Black "TomasPabloFerreira"]
[Result "1-0"]
[WhiteElo "2737"]
[BlackElo "946"]
[TimeControl "180+2"]
[EndTime "15:14:17 PST"]
[Termination "TenisMaster won by resignation"]

1. e4 e6 2. d4 d5 3. Nc3 Nf6 4. e5 Nfd7 5. Nce2 c5 6. c3 Nc6 7. f4 g6 8. Nf3 Bg7 9. Be3 O-O 10. dxc5 Qe7 11. b4 b6 12. cxb6 axb6 13. Ned4 Nxd4 14.
Bxd4 Ba6 15. Bxa6 Rxa6 16. a4 Rc8 17. O-O Bh6 18. g3 b5 19. axb5 Rxa1 20. Qxa1 Qd8 21. Qa5 Qe7 22. Qa7 Rb8 23. b6 Qd8 24. Qc7 Qxc7 25.
bxc7 Rc8 26. Ra1 Bf8 27. Ra7 Be7 28. b5 Bc5 29. Bxc5 Nxc5 30. b6 1-0

[Event "*** MasterClass Titled Tuesday Blitz"]
[Site "Chess.com"]
[Date "2017.12.05"]
[Round "5"]
[White "Tash_Boy"]
[Black "pedromartinez91"]
[Result "1-0"]
[WhiteElo "2431"]
[BlackElo "2241"]
[TimeControl "180+2"]
[EndTime "15:14:17 PST"]
[Termination "Tash_Boy won by checkmate"]

1. e4 e6 2. d3 d5 3. Nd2 Nf6 4. Ngf3 Be7 5. g3 c5 6. Bg2 O-O 7. O-O Nc6 8. e5 Nd7 9. Re1 b5 10. h4 Qc7 11. Qe2 Bb7 12. Nf1 Rfc8 13. N1h2 Qd8 14.
Ng4 b4 15. Bf4 a5 16. h5 a4 17. a3 bxa3 18. bxa3 Ba6 19. Qd2 c4 20. h6 g6 21. Bg5 cxd3 22. cxd3 Bxg5 23. Nxg5 Qe7 24. Bxd5 Nd4 25. Qf4 exd5 26. Qxd4 Nf8 27. e6 fxe6 28.
Nf6+ Kh8 29. Nxd5+ e5 30. Nxe7 exd4 31. Nf7# 1-0

[Event "*** MasterClass Titled Tuesday Blitz"]
[Site "Chess.com"]
[Date "2017.12.05"]
[Round "5"]
[White "Salem-AR"]
[Black "VladDobrov"]
[Result "1-0"]
[WhiteElo "2825"]
[BlackElo "2613"]
[TimeControl "180+2"]
[EndTime "15:14:25 PST"]
[Termination "Salem-AR won by resignation"]

1. Nf3 Nf6 2. c4 c6 3. d4 d5 4.
Nc3 e6 5. Bg5 h6 6. Bh4 Be7 7.
e3 O-O 8. Qc2 Nbd7 9. Rd1 a6 10.
Be2 dxc4 11. Bxc4 b5 12. Be2 Qb6 13. O-O c5 14. a4 b4 15. Ne4 Bb7 16. Nxf6+ Nxf6 17. Bxf6 b3 18. Qc4 Bxf6 19. dxc5 Qa5 20. c6 Rac8 21.
Nd4 Qb6 22. Bf3 Bxd4 23. a5 Qb5 24. Qxb5 axb5 25. cxb7 1-0

[Event "*** MasterClass Titled Tuesday Blitz"]
[Site "Chess.com"]
[Date "2017.12.05"]
[Round "5"]
[White "R2D3"]
[Black "Rodalquilar"]
[Result "0-1"]
[WhiteElo "1714"]
[BlackElo "2477"]
[TimeControl "180+2"]
[EndTime "15:14:25 PST"]
[Termination "Rodalquilar won by checkmate"]

1. b4 c6 2. Bb2 a5 3. bxa5 Qxa5 4. e3 e5 5. Nf3 d6 6. Bc4 d5 7. Bc3 Bb4 8. Bxe5 f6 9. c3 fxe5 10. cxb4 Qxb4 11. Nxe5 Nf6 12. Be2 O-O 13. O-O Qh4 14. Nf3 Qh6 15. h3 Nbd7 16. Nd4 Ne5 17.
f4 Ng6 18. g4 Qxh3 19. f5 Nh4 20. Rf2 Qg3+ 21. Kf1 Ne4 22. Qe1 c5 23. Nf3 Bxf5 24. Nxh4 Bxg4 25. Nf3 Bh3+ 26. Rg2 Qxg2# 0-1

[Event "*** MasterClass Titled Tuesday Blitz"]
[Site "Chess.com"]
[Date "2017.12.05"]
[Round "5"]
[White "TheBigBoss04"]
[Black "johannesh"]
[Result "1-0"]
[WhiteElo "2509"]
[BlackElo "2272"]
[TimeControl "180+2"]
[EndTime "15:14:28 PST"]
[Termination "TheBigBoss04 won by checkmate"]

1. e4 e6 2. d4 d5 3. Nd2 c5 4. exd5 Qxd5 5. Ngf3 cxd4 6. Bc4 Qd8 7. a3 Nc6 8. b4 g6 9. O-O Bg7 10. Bb2 Nge7 11.
Nb3 e5 12. b5 Na5 13. Nxa5 Qxa5 14. Qe2 Bg4 15. Bxf7+ Kxf7 16. Nxe5+ Bxe5 17. Qxe5 Rhe8 18. Bxd4 Nf5 19. Qf6+ Kg8 20. Qh8+ Kf7 21. Qxh7+ Kf8 22. Bc5+ Ne7 23. Rfe1 Qc7 24. Bd4 Red8 25. Qg7+ Ke8 26.
Bf6 Rd7 27. Qg8# 1-0

[Event "*** MasterClass Titled Tuesday Blitz"]
[Site "Chess.com"]
[Date "2017.12.05"]
[Round "5"]
[White "Zenzo"]
[Black "igorkovalenko"]
[Result "1/2-1/2"]
[WhiteElo "2494"]
[BlackElo "2711"]
[TimeControl "180+2"]
[EndTime "15:14:40 PST"]
[Termination "Game drawn by repetition"]

1. e4 e6 2. d4 d5 3. exd5 exd5 4. Bd3 Nf6 5. h3 Bd6 6. Qf3 Be6 7. Ne2 Nbd7 8. Bf4 Qe7 9. c3 O-O 10. Nd2 b6 11.
O-O c5 12. Rfe1 c4 13. Bc2 Rfe8 14. Ng3 Bxf4 15. Qxf4 Qf8 16. Nf3 b5 17. Re2 a6 18.
Rae1 h6 19. a3 a5 20. Nf5 Bxf5 21. Bxf5 Rxe2 22. Rxe2 Re8 23. Rxe8 Qxe8 24. Kf1 Nf8 25. Qc7 g6 26. Bc8 Qe4 27. Kg1 Qb1+ 28. Kh2 Qxb2 29. Ne5 N6d7 30. Nxd7 Nxd7 31. Bxd7 Qxa3 32. Bxb5 Qxc3 33. Be8 Qxd4 34. Qxf7+ Kh8 35. Qf8+ Kh7 36. Bf7 Qf4+ 37. Kg1 Qc1+ 38. Kh2 Qf4+ 39. Kg1 Qc1+ 40. Kh2 Qf4+ 41. Kh1 Qc1+ 42. Kh2 Qf4+ 43. Kg1 Qc1+ 1/2-1/2

[Event "*** MasterClass Titled Tuesday Blitz"]
[Site "Chess.com"]
[Date "2017.12.05"]
[Round "5"]
[White "PenguinPacks"]
[Black "dyziotomi99"]
[Result "0-1"]
[WhiteElo "2265"]
[BlackElo "2449"]
[TimeControl "180+2"]
[EndTime "15:14:43 PST"]
[Termination "dyziotomi99 won by resignation"]

1. e4 c5 2. Nf3 d6 3. Bc4 Nf6 4. d3 e6 5. Nbd2 Be7 6. O-O O-O 7. c3 Nc6 8. a4 d5 9. Ba2 b6 10. Re1 Ba6 11. e5 Nd7 12. d4 cxd4 13. cxd4 Nb4 14.
Bb1 Nd3 15. Re3 Nxc1 16. Qxc1 Rc8 17. Qd1 Nb8 18. h4 Nc6 19. h5 Nb4 20. Ne1 h6 21.
Qg4 Kh8 22. Rg3 Rg8 23. f4 Rc1 24. Re3 Nc6 25. Nf3 Nxd4 26. Nxd4 Bc5 27. f5 Qg5 28.
Qxg5 hxg5 29. fxe6 fxe6 30. Kf2 Bxd4 0-1

[Event "*** MasterClass Titled Tuesday Blitz"]
[Site "Chess.com"]
[Date "2017.12.05"]
[Round "5"]
[White "chito89"]
[Black "jcibarra"]
[Result "1/2-1/2"]
[WhiteElo "2604"]
[BlackElo "2686"]
[TimeControl "180+2"]
[EndTime "15:14:47 PST"]
[Termination "Game drawn by agreement"]

1. d4 Nf6 2. c4 d6 3. Nf3 g6 4. Nc3 Bf5 5. g3 Ne4 6. Qb3 Nxc3 7. bxc3 Be4 8. Bg2 Bg7 9. O-O O-O 10. Bh3 b6 11. Nd2 Bb7 12. a4 Nc6 13. a5 Rb8 14. axb6 axb6 15. e4 Na5 16. Qc2 c5 17. d5 Ba6 18.
Re1 b5 19. cxb5 Bxb5 20. e5 Nc4 21. exd6 exd6 22. Ne4 h6 23. Bf1 Ne5 24. Kg2 Bxf1+ 25. Rxf1 c4 26. Bf4 f5 27. Nd2 Rb5 28. Rfd1 Rxd5 29. Nxc4 Rxd1 30. Qxd1 Nxc4 31. Qd5+ Kh7 32. Qxc4 Qc8 33. Qxc8 Rxc8 34. Bxd6 Bxc3 35. Ra7+ Kg8 36. h4 1/2-1/2

[Event "*** MasterClass Titled Tuesday Blitz"]
[Site "Chess.com"]
[Date "2017.12.05"]
[Round "5"]
[White "Margency"]
[Black "GameOverBro"]
[Result "0-1"]
[WhiteElo "2486"]
[BlackElo "2310"]
[TimeControl "180+2"]
[EndTime "15:14:50 PST"]
[Termination "GameOverBro won by resignation"]

1. e4 d6 2. d4 Nf6 3. Nc3 e5 4. Nf3 Nbd7 5. Bc4 Be7 6. a4 c6 7. O-O h6 8. Re1 Qc7 9. a5 Nf8 10. d5 Ng6 11. b3 O-O 12. a6 b5 13. Bd3 b4 14. Na4 cxd5 15. exd5 e4 16. Bxe4 Nxe4 17. Rxe4 Bf6 18. Bb2 Bf5 19. Rc4 Qd8 20. Bxf6 Qxf6 21. Rxb4 Rac8 22. c4 Rfe8 23. Rb7 Bg4 24. Qd4 Qf5 25.
Nd2 Nf4 26. Kh1 Re5 27. Rg1 Ne2 28. Qxa7 Nxg1 29. f3 Re1 0-1

[Event "*** MasterClass Titled Tuesday Blitz"]
[Site "Chess.com"]
[Date "2017.12.05"]
[Round "5"]
[White "juniortay"]
[Black "SanQui14"]
[Result "1/2-1/2"]
[WhiteElo "2300"]
[BlackElo "2179"]
[TimeControl "180+2"]
[EndTime "15:14:50 PST"]
[Termination "Game drawn by agreement"]

1. e4 c5 2. Nc3 g6 3. f4 Bg7 4. Nf3 Nc6 5. Bb5 Nd4 6. O-O Nxb5 7. Nxb5 d5 8. exd5 a6 9. Nc3 b5 10. d3 Bb7 11. f5 Nf6 12. Bg5 O-O 13. fxg6 hxg6 14. Qe1 b4 15. Ne4 Qxd5 16. Qh4 Nxe4 17. dxe4 Qxe4 18. Qg3 Rfe8 19. Rae1 Qxc2 20. Bxe7 Qxb2 21. Ng5 Bd5 22. Kh1 Rac8 23. Qh3 Qxg2+ 24. Qxg2 Bxg2+ 25. Kxg2 Bc3 26. Re2 f6 27. Ne4 Rxe7 28. Nxc3 Rd7 29. Ne4 Rd4 30. Rxf6 Kg7 31. Rxa6 Re8 32.
Ng3 Rxe2+ 33. Nxe2 Rd2 34. Kf3 c4 35. Rc6 c3 36. Nxc3 bxc3 37. Rxc3 Rxa2 38. Kg3 Kh6 1/2-1/2

[Event "*** MasterClass Titled Tuesday Blitz"]
[Site "Chess.com"]
[Date "2017.12.05"]
[Round "5"]
[White "Rhinos1"]
[Black "nikitakhoroshev"]
[Result "0-1"]
[WhiteElo "2034"]
[BlackElo "2406"]
[TimeControl "180+2"]
[EndTime "15:14:55 PST"]
[Termination "nikitakhoroshev won by resignation"]

1. e4 c5 2. d4 cxd4 3. c3 Nf6 4. e5 Nd5 5. cxd4 Nc6 6. f4 Nb6 7. Nf3 d5 8. Bd3 Bg4 9. Be3 e6 10. O-O Be7 11. h3 Bxf3 12. Qxf3 g6 13. Nc3 Qd7 14.
Rac1 a6 15. a3 Na5 16. g4 h5 17. f5 hxg4 18. hxg4 gxf5 19. gxf5 Nac4 20. fxe6 Qxe6 21. Bf5 Qc6 22. Bh3 Nxe3 23. Qxf7+ Kd8 24. Rf3 Nec4 25. b3 Qh6 26. Rg3 Qxc1+ 27. Kh2 Qd2+ 28. Kg1 Qxd4+ 29. Kh2 Nxe5 30. Qe6 Rxh3+ 31. Rxh3 Nbd7 32. Rh8+ Bf8 33. Rxf8+ Nxf8 34. Qd6+ Ned7 35. Nxd5 Qe5+ 36. Qxe5 Nxe5 37. Nf6 Rc8 0-1

[Event "*** MasterClass Titled Tuesday Blitz"]
[Site "Chess.com"]
[Date "2017.12.05"]
[Round "5"]
[White "Hasangatin_Ramil"]
[Black "StellarChessPro"]
[Result "0-1"]
[WhiteElo "2392"]
[BlackElo "2334"]
[TimeControl "180+2"]
[EndTime "15:15:02 PST"]
[Termination "StellarChessPro won by checkmate"]

1. e4 Nc6 2. Bb5 a6 3. Bxc6 dxc6 4. d3 e5 5. f4 exf4 6. Bxf4 Ne7 7. Nf3 Ng6 8. Be3 Bd6 9. Nbd2 O-O 10. O-O Ne5 11. Nxe5 Bxe5 12. Nc4 Bd4 13. Qf3 Be6 14. Bxd4 Qxd4+ 15. Qe3 c5 16. c3 Qd8 17. b3 Bxc4 18. bxc4 Qe7 19. Rf5 b6 20. Raf1 Rad8 21. Rd5 c6 22. Rxd8 Rxd8 23. d4 cxd4 24. cxd4 Qb4 25. Qd3 b5 26. Rc1 h6 27. c5 Qxd4+ 28. Qxd4 Rxd4 29. Kf2 Rxe4 30. Kf3 Re5 31. g4 g6 32. h4 Kg7 33.
Kf4 Rd5 34. Ke4 g5 35. h5 a5 36. a3 a4 37. Rc2 Kf6 38. Rc1 Ke6 39. Rc2 f5+ 40.
gxf5+ Rxf5 41. Ke3 g4 42. Rg2 Rxh5 43. Rxg4 Rxc5 44.
Rg6+ Kd5 45. Kd3 Rc1 46. Rxh6 Ra1 47. Rh5+ Kd6 48. Rh6+ Kc5 49. Rh5+ Kb6 50. Kc2 Rxa3 51. Kb2 Rg3 52. Ka2 b4 53. Kb2 Rg2+ 54. Kb1 c5 55.
Rh8 Kb5 56. Rh4 a3 57. Rf4 c4 58. Rf1 Ka4 59. Re1 Kb3 60. Rg1 Rxg1# 0-1

[Event "*** MasterClass Titled Tuesday Blitz"]
[Site "Chess.com"]
[Date "2017.12.05"]
[Round "5"]
[White "Diwi89"]
[Black "TregubovP"]
[Result "1-0"]
[WhiteElo "2723"]
[BlackElo "2498"]
[TimeControl "180+2"]
[EndTime "15:15:03 PST"]
[Termination "Diwi89 won by resignation"]

1. e4 c5 2. Nf3 e6 3. d4 cxd4 4.
Nxd4 Nc6 5. Nc3 Nf6 6. Nxc6 bxc6 7. e5 Nd5 8. Ne4 Qc7 9. f4 Qb6 10. c4 Bb4+ 11. Ke2 f5 12. Nf2 Ne7 13. Nd3 Bc5 14.
Nxc5 Qxc5 15. b3 Qb6 16. Be3 c5 17. Kf2 Bb7 18. b4 Rc8 19. bxc5 Qa5 20. Rb1 Bc6 21.
Be2 O-O 22. Qd2 Qxd2 23. Bxd2 Be4 24. Rb3 Nc6 25. Bc3 h6 26. Bf3 g5 27. g3 Kh7 28. Bxe4 fxe4 29. Ke3 gxf4+ 30. gxf4 Rf5 31. Kxe4 Rg8 32. Rb2 Rg4 33. Rf1 Rh4 34. Be1 Rh3 35. Bg3 Nxe5 36. Rd1 Nxc4 37. Rxd7+ Kg6 38. Rbb7 Rxc5 39.
Kf3 Kh5 40. Kg2 Rxg3+ 41. hxg3 Ne3+ 42. Kh3 Ng4 43. Rg7 Nf2+ 44. Kg2 Ne4 45. Rxa7 Rc2+ 46. Kf3 Nd2+ 47. Ke2 Nb1+ 48. Kd3 Rc3+ 49. Kd4 Rf3 50. Ra5+ 1-0

[Event "*** MasterClass Titled Tuesday Blitz"]
[Site "Chess.com"]
[Date "2017.12.05"]
[Round "5"]
[White "ImadAK"]
[Black "VeryAnonymousPatzer"]
[Result "0-1"]
[WhiteElo "1308"]
[BlackElo "1149"]
[TimeControl "180+2"]
[EndTime "15:15:12 PST"]
[Termination "VeryAnonymousPatzer won on time"]

1. d4 d5 2. c4 e6 3. Nc3 Nf6 4. Bg5 Nbd7 5. Nf3 Bb4 6. a3 Bxc3+ 7. bxc3 c5 8. cxd5 exd5 9. e3 b6 10. h3 Bb7 11. Be2 O-O 12. O-O Rc8 13. Re1 h6 14. Bh4 Re8 15. c4 Nf8 16. cxd5 Bxd5 17. a4 N8h7 18.
a5 bxa5 19. Rxa5 cxd4 20. Qd2 Ne4 0-1

[Event "*** MasterClass Titled Tuesday Blitz"]
[Site "Chess.com"]
[Date "2017.12.05"]
[Round "5"]
[White "MasterBlitz83"]
[Black "Gattass"]
[Result "0-1"]
[WhiteElo "1595"]
[BlackElo "2111"]
[TimeControl "180+2"]
[EndTime "15:15:17 PST"]
[Termination "Gattass won on time"]

1. e4 c5 2. Nf3 Nc6 3. d4 e6 4. d5 exd5 5. exd5 Nb4 6. c4 Bd6 7. a3 Na6 8. Nc3 Nf6 9. Nb5 Bb8 10. Bd3 O-O 11. O-O h6 12. Be3 Nc7 13. a4 d6 14.
h3 Na6 15. Qd2 Ne8 16. Bxh6 gxh6 17. Qxh6 f5 18. Ng5 Qe7 19. Qg6+ Qg7 20. Qh5 Nb4 21. Bb1 Bd7 22. Re1 Nf6 23. Qh4 Bxb5 24. axb5 Qg6 25.
Ne6 Re8 0-1

[Event "*** MasterClass Titled Tuesday Blitz"]
[Site "Chess.com"]
[Date "2017.12.05"]
[Round "5"]
[White "Caisachess"]
[Black "oliver98"]
[Result "0-1"]
[WhiteElo "2327"]
[BlackElo "2287"]
[TimeControl "180+2"]
[EndTime "15:15:18 PST"]
[Termination "oliver98 won by resignation"]

1. e4 c5 2. c3 Nf6 3. e5 Nd5 4.
d4 cxd4 5. Nf3 Nc6 6. cxd4 d6 7. Bc4 e6 8. O-O Be7 9. Qe2 O-O 10. Re1 Bd7 11.
a3 Rc8 12. Bd3 f5 13. exf6 Bxf6 14. Qe4 g6 15. Bh6 Rf7 16. Nc3 Nce7 17. Ng5 Bxg5 18.
Bxg5 Nxc3 19. bxc3 Rxc3 20. Rad1 Qc8 21. h4 Nf5 22. g4 Bc6 23. Qxe6 Qxe6 24. Rxe6 Nxd4 25. Rxd6 Nf3+ 26. Kf1 Nh2+ 27. Ke2 Bf3+ 28. Ke3 Bxd1 29. Bf6 Rxf6 30. Rd8+ Rf8 31. Rd7 Rf3+ 32. Kd2 Rcxd3+ 33. Rxd3 Rxd3+ 34. Kxd3 Bxg4 0-1

[Event "*** MasterClass Titled Tuesday Blitz"]
[Site "Chess.com"]
[Date "2017.12.05"]
[Round "5"]
[White "Blitz-rider"]
[Black "MFBerna"]
[Result "0-1"]
[WhiteElo "1981"]
[BlackElo "2290"]
[TimeControl "180+2"]
[EndTime "15:15:25 PST"]
[Termination "MFBerna won by resignation"]

1. e4 c5 2. d4 cxd4 3. c3 dxc3 4.
Nxc3 Nc6 5. Nf3 e6 6. Bc4 d6 7. O-O Nf6 8. Qe2 Be7 9. Rd1 e5 10.
Bg5 a6 11. Rac1 O-O 12. Be3 Bg4 13. h3 Bh5 14. g4 Bg6 15. Nd5 Nxe4 16. Bb6 Qd7 17.
Be3 Rad8 18. Bb6 Rde8 19. Nc7 Rc8 20. Nd5 h5 21. gxh5 Bh7 22. Kg2 Bd8 23. Be3 Kh8 24.
Nc3 Nxc3 25. Rxc3 f5 26. Bg5 e4 27. Bxd8 exf3+ 28. Qxf3 Rcxd8 29. Rcd3 Ne5 30. Qd5 Bg8 31. Qxe5 dxe5 32. Rxd7 Rxd7 33. Rxd7 Bxc4 34. Rxb7 Bd5+ 0-1

[Event "*** MasterClass Titled Tuesday Blitz"]
[Site "Chess.com"]
[Date "2017.12.05"]
[Round "5"]
[White "DiogenesSinopeus"]
[Black "tteshan"]
[Result "0-1"]
[WhiteElo "2365"]
[BlackElo "2022"]
[TimeControl "180+2"]
[EndTime "15:15:27 PST"]
[Termination "tteshan won on time"]

1. e4 c5 2. Nf3 e6 3. d4 cxd4 4. Nxd4 a6 5. Nc3 Qc7 6. Be2 Nf6 7. f4 Bb4 8. O-O Bxc3 9. bxc3 Qxc3 10. Rb1 Qc7 11. Ba3 Nxe4 12. Qd3 Nc3 13. Rbe1 Nxe2+ 14. Rxe2 d6 15. Nf5 O-O 16. Bxd6 Qb6+ 17. Kh1 exf5 18.
Bxf8 Be6 19. Qd6 Nc6 20. Be7 Bc4 21. Ree1 Bxf1 22. Rxf1 Re8 23. Bh4 Qd4 24. Qc7 Qc4 25. Rg1 Qxa2 26. Qxb7 Qxc2 0-1

[Event "*** MasterClass Titled Tuesday Blitz"]
[Site "Chess.com"]
[Date "2017.12.05"]
[Round "5"]
[White "HolyInquisitor0001"]
[Black "MateusViageiro"]
[Result "0-1"]
[WhiteElo "1659"]
[BlackElo "2179"]
[TimeControl "180+2"]
[EndTime "15:15:28 PST"]
[Termination "MateusViageiro won by resignation"]

1. e4 c5 2. Nc3 d6 3. g3 e6 4.
Bg2 Nf6 5. Nge2 Nc6 6. O-O Be7 7. h3 a6 8. d3 Qc7 9. f4 b5 10. Be3 Bb7 11. Qd2 O-O 12. Rae1 Rfd8 13. g4 b4 14. Nd1 d5 15. e5 Nd7 16. g5 g6 17. h4 d4 18. Bf2 Na7 19. Bxb7 Qxb7 20.
Ng3 Nb6 21. Ne4 Nd5 22. Kh2 Nb5 23. Rh1 a5 24. Kg3 a4 25. h5 a3 26. b3 Ndc3 27.
Ndxc3 Nxc3 28. Nxc3 dxc3 29. Qe2 Qd5 30. Qg4 Rd7 31.
Qh4 Bd8 32. hxg6 fxg6 33. Qg4 Rf7 34. Be3 Bc7 35. Rh4 Raf8 36. Reh1 Bxe5 37. Rxh7 Rxh7 38.
Rxh7 Kxh7 39. Qh4+ Kg8 40. fxe5 Qxe5+ 41. Bf4 Qe1+ 42.
Kg4 Rxf4+ 0-1